AoeStats
← SpritualWarrior

Scandinavia

510712476Analyzed
1v1 RM · 22h ago on Oct 2, 2026· 59m 27s· 2 players
Game mode
Random Map
Map size
Tiny (2 player)
Population
200
Speed
Normal
Resources
Standard
Victory
Conquest
Starting age
Dark Age
Ending age
Imperial Age
RankedLock teamsTeams togetherTeam positionsShared explorationLock speedFull tech treeHidden civsTurbo modeCheats
Victory
Defeat
🇮🇳 Magyars · India
1382
+15
🇳🇿 Malay · New Zealand
1368
-15
Bill Flounder
3:12 Loom
10:10 Feudal Age
10:03 Double-Bit Axe
14:12 Town Watch
16:52 Fishing Lines
20:09 Castle Age
19:11 Forging
18:51 Fletching
19:02 Padded Archer Armor
19:11 Crossbowman
20:19 Bow Saw
23:09 Padded Archer Armor
24:53 Wheelbarrow
24:30 Gold Mining
24:33 Stone Mining
25:42 Gillnets
25:47 Elite Skirmisher
27:33 Bodkin Arrow
27:57 Leather Archer Armor
28:03 Horse Collar
29:22 Heavy Plow
30:02 Hand Cart
33:35 Imperial Age
32:11 Ballistics
32:39 Bodkin Arrow
34:28 Chemistry
37:03 Masonry
39:00 Thumb Ring
39:32 Murder Holes
41:03 Scale Barding Armor
41:47 Conscription
42:00 Guilds
43:02 Iron Casting
44:21 Elite Battle Elephant
45:38 Pikeman
46:18 Squires
46:04 Arson
47:32 Siege Engineers
47:42 Bracer
48:44 Blast Furnace
SpritualWarrior
6:43 Loom
9:14 Feudal Age
10:17 Double-Bit Axe
16:22 Wheelbarrow
16:45 Town Watch
19:59 Castle Age
17:57 Gold Mining
17:50 Horse Collar
19:07 Fletching
20:54 Bodkin Arrow
21:40 Wheelbarrow
21:32 Bow Saw
22:16 Bloodlines
24:52 Padded Archer Armor
25:38 Ballistics
30:02 Hand Cart
34:29 Imperial Age
32:15 Scale Barding Armor
33:42 Chain Barding Armor
34:17 Husbandry
33:39 Light Cavalry
34:51 Stone Mining
35:22 Bracer
35:58 Plate Barding Armor
37:00 Chemistry
37:53 Parthian Tactics
37:33 Thumb Ring
38:20 Leather Archer Armor
39:08 Cavalier
41:54 Paladin
51:29 Hussar
52:43 Conscription
53:57 Siege Engineers
60:19 Shipwright
60:22 Ballistics
Connection lost

Rejoining the realm…

Still unreachable

The connection could not be restored.

Session expired

The server has moved on; the page needs a fresh start.